 Dungeon Crawl Stone Soup version 0.26-a0-952-g76694b35de (webtiles) character file.

Game seed: 2798760033219474315

31561 mhtbhm the Blocker (level 13, -6/56 HPs)
             Began as a Gargoyle Fighter on Nov 29, 2020.
             Was the Champion of Okawaru.
             Mangled by a harpy simulacrum (19 damage)
             ... on level 2 of the Abyss.
             The game lasted 00:27:08 (18451 turns).

mhtbhm the Blocker (Gargoyle Fighter)              Turns: 18451, Time: 00:27:09

Health: -6/56      AC: 27    Str: 20      XL:     13   Next: 58%
Magic:  9/10       EV: 11    Int: 10 (11) God:    Okawaru [******]
Gold:   913        SH: 18    Dex:  9 (10) Spells: 12/12 levels left

rFire    + . .     SeeInvis .   B - +3 hand axe of Change {freeze, *Rage Int+5}
rCold    . . .     Faith    .   c - +0 kite shield
rNeg     + + +     Spirit   .   b - +0 pearl dragon scales
rPois    ∞         Reflect  +   h - +0 helmet
rElec    +         Harm     .   n - scarf {+Inv}
rCorr    .         Rampage  .   q - +2 pair of gloves of Charity {+Blink rF+ Dex+5}
MR       +....     Rnd*Rage +   L - +2 pair of boots {run} Stlth ..........Rnd*Tele +
                                g - amulet of reflection
HPRegen  0.18/turn              l - ring of positive energy
MPRegen  0.12/turn              z - ring of protection from magic

@: berserk cooldown, slowed, very slow
A: [berserk 3], [blurry vision 3], [clumsy 2], [deformed body], [deterioration
2], [dopey 2], [frail 3], [low mp 2], negative energy resistance 1, [screaming
2], electricity resistance, teleportitis 1, [weak 2], unbreathing, petrification
resistance, [no potion heal 2], rot immunity, [subdued magic 3], AC +9
a: Heroism, Finesse, Renounce Religion, Evoke Blink, Evoke Invisibility


You were on level 2 of the Abyss.
You worshipped Okawaru.
Okawaru was exalted by your worship.
You visited 2 branches of the dungeon, and saw 15 of its levels.
You visited the Abyss 1 time.
You also visited: Gauntlet.

You collected 1650 gold pieces.
You spent 737 gold pieces at shops.

Inventory:

Hand Weapons
 a - the +0 war axe of Sudden Death {venom, *Drain +Fly MP-9 Str+9}
   (You bought it in a shop on level 2 of the Orcish Mines)

   It poisons the flesh of those it strikes.
   It affects your strength (+9).
   It affects your magic capacity (-9).
   It lets you fly.
   It causes draining when unequipped.
 B - the +3 hand axe of Change (weapon) {freeze, *Rage Int+5}
   (You bought it in a shop on level 2 of the Orcish Mines)

   It has been specially enchanted to freeze those struck by it, causing extra
   injury to most foes and up to half again as much damage against particularly
   susceptible opponents.
   It can also slow down cold-blooded creatures.
   It affects your intelligence (+5).
   It may make you go berserk in combat.
 K - a cursed +5 morningstar
Missiles
 H - 2 throwing nets (quivered)
Armour
 b - +0 pearl dragon scales (worn)
 c - a +0 kite shield (worn)
 h - a +0 helmet (worn)
 n - a scarf of invisibility (worn)
 q - the +2 pair of gloves of Charity (worn) {+Blink rF+ Dex+5}
   (You found it in a Gauntlet)

   It affects your dexterity (+5).
   It protects you from fire.
   It lets you blink.
 F - a +2 chain mail of cold resistance
 L - a +2 pair of boots of running (worn)
 M - a +2 pair of gloves of dexterity
Jewellery
 g - an amulet of reflection (around neck)
 l - a ring of positive energy (left hand)
 v - an uncursed ring of flight
 z - a ring of protection from magic (right hand)
 J - an uncursed ring of ice
Wands
 f - a wand of polymorph (5)
 k - a wand of flame (7)
 s - a wand of paralysis (4)
 w - a wand of random effects (16)
Scrolls
 d - 3 scrolls of enchant weapon
 e - 3 scrolls of teleportation
 i - a scroll of noise {unknown}
 p - 4 scrolls of remove curse
 u - 2 scrolls of fog {unknown}
 y - a scroll of enchant armour {unknown}
 A - a scroll of immolation
 D - 2 scrolls of random uselessness {unknown}
 G - a scroll of brand weapon {unknown}
 N - a scroll of blinking {unknown}
Potions
 j - 2 potions of cancellation
 m - a potion of might
 o - 4 potions of degeneration {unknown}
 r - 3 potions of haste
 t - a potion of magic {unknown}
 x - 3 potions of brilliance {unknown}
 C - 3 potions of curing {unknown}
 E - a potion of berserk rage {unknown}
 I - a potion of flight {unknown}


   Skills:
 + Level 9.5 Fighting
 + Level 12.0(12.1) Axes
 - Level 2.1(8.8) Maces & Flails
 + Level 9.4 Armour
 + Level 4.8 Dodging
 + Level 2.6 Stealth
 + Level 14.2 Shields
 + Level 0.2 Invocations
 + Level 1.4 Evocations


You had 12 spell levels left.
You didn't know any spells.
Your spell library contained the following spells:

 Spells                   Type           Power        Failure   Level
 Foxfire                  Conj/Fire      #...         65%         1
 Confusing Touch          Hex            #.......     96%         3
 Conjure Flame            Conj/Fire      #.......     96%         3
 Gell's Gravitas          Tloc           #.........   96%         3
 Inner Flame              Hex/Fire       #.......     96%         3
 Petrify                  Tmut/Erth      #.......     100%        4
 Sticky Flame             Conj/Fire      #.......     100%        4
 Summon Lightning Spire   Summ/Air       #.......     100%        4
 Fireball                 Conj/Fire      #.........   100%        5
 Metabolic Englaciation   Hex/Ice        #.........   100%        5
 Silence                  Hex/Air        #.........   100%        5
 Yara's Violent Unravell  Hex/Tmut       #.........   100%        5
 Conjure Ball Lightning   Conj/Air       #.........   100%        6
 Tornado                  Air            #.........   100%        9


Dungeon Overview and Level Annotations

Branches:
Dungeon (13/15)            Temple (0/1) D:5            Lair (0/6) D:11
    Orc (2/2) D:11            Elf (0/3) Orc:2       Gauntlet (visited)
 Vaults: D:13-14

Altars:
Cheibriados
Dithmenos
Elyvilon
Gozag
Hepliaklqana
Makhleb
Nemelex Xobeh
Okawaru
Qazlal
Sif Muna
Trog
Uskayaw
Wu Jian
Yredelemnul
Beogh

Shops:
Orc:2 *=[(

Annotations:
Gauntlet 7 transporters, 2 runed translucent doors, exclusion: oklob plant


Innate Abilities, Weirdness & Mutations

You are resistant to torment.
Your stone body is resilient. (AC +9)
You are immune to poison.
You resist negative energy. (rN+)
You are resistant to electric shocks. (rElec)
You can survive without breathing.
You are immune to petrification.
You are immune to rotting.
You are occasionally teleported next to monsters.
[You have an uncontrollable temper.]
[Scrolls take you much longer to read.]
[You are very clumsy. (Dex -4)]
[Armour fits poorly on your strangely shaped body.]
[Your body often deteriorates upon taking damage.]
[You are very dopey. (Int -4)]
[You are extremely frail. (-30% HP)]
[Your magical capacity is very low. (-20% MP)]
[You sometimes yell uncontrollably at your foes.]
[You are very weak. (Str -4)]
[Potions are poor at restoring your health.]
[Your spells are much easier to cast, but much less powerful.]


Message History

An ancient zyme comes into view.
The kobold shouts!
You block the big kobold's attack. You block the kobold's attack.
The kobold misses you.
The kobold demonologist mumbles some strange words.
The kobold demonologist looks satisfied for a moment.
You block the kobold's attack.
The kobold demonologist casts a spell.
The kobold hits you but does no damage.
The big kobold hits you but does no damage.
The kobold hits you but does no damage. You block the kobold's attack.
Okay, then.
Really read with blurry vision while enemies are nearby?
Okay, then.
Really read with blurry vision while enemies are nearby?
You block the harpy simulacrum's attack.
The harpy simulacrum claws you.
* * * LOW HITPOINT WARNING * * *
The harpy simulacrum freezes you!!
You die...

.... .... ...###...##
...#..... ....... ..
... ....5 #...
##...###.x.## . ....#
....#..KK.#.... .
..........Z@K...... .
.........KK.445...
..........33K.....
#.....#.5K4.#K... .
##...###xK5###...#
....#.....#355...≈.5.
............§..#≈. .≈
..........*..X..≈..
.. .
..................##
.


You could see a tentacled starspawn, a wretched star, a soul eater (summoned),
an ancient zyme, an ice devil (summoned), 3 kobold demonologists, a smoke demon
(summoned), a ynoxinul, 2 red devils, a big kobold, a small abomination, a
quasit (summoned), a crimson imp (summoned), 2 white imps, a shadow imp
(summoned), a harpy simulacrum, 2 ufetubi and 5 kobolds.

Vanquished Creatures
  An orc warlord (Orc:1)
  Azrael (Orc:2)
  Fannar (D:11)
  2 two-headed ogres
  6 death yaks (D:11)
  6 orc high priests (Orc:2)
  Nergalle (D:10)
  A sixfirhy (Gauntlet)
  A flayed ghost (Abyss:2)
  2 orc knights
  An orc sorcerer (Orc:2)
  2 cyclopes
  2 manticores (D:13)
  An ugly thing (D:12)
  Psyche (D:11)
  A gargoyle (D:11)
  3 trolls
  Grinder (D:3)
  6 flying skulls (Abyss:2)
  Sigmund (D:4)
  A wraith (D:12)
  2 fire elementals (Orc:1)
  A neqoxec (Gauntlet)
  Grum (D:11)
  A large abomination (Abyss:2)
  5 chaos spawn
  A steam dragon (D:10)
  12 wargs
  2 hell hounds (Orc:2)
  26 orc warriors
  A black bear (D:8)
  5 phantoms
  An ice beast (D:6)
  2 necrophages
  9 wolves
  11 ogres
  5 centaurs
  6 bullfrogs
  2 big kobolds
  2 gnoll sergeants
  6 scorpions
  A wyvern skeleton (D:8)
  14 killer bees
  16 wights
  2 howler monkeys
  A bullfrog zombie (D:12)
  A quasit (D:5)
  A jelly (D:11)
  2 bullfrog skeletons
  2 centaur zombies
  6 hounds
  14 orc priests
  12 orc wizards
  A small abomination (Abyss:2)
  Ijyb (D:3)
  3 iguanas
  Natasha (thrice) (D:3)
  9 worker ants
  The ghost of DocClef the Covert, a weakling GnDe (D:5)
  2 hound skeletons
  12 gnolls
  2 howler monkey skeletons
  12 adders
  2 shadow imps
  2 white imps
  7 ufetubi
  2 oozes
  2 adder zombies
  An adder skeleton (D:4)
  4 worms
  6 leopard geckos
  51 orcs
  5 bats
  6 giant cockroaches
  6 hobgoblins
  6 jackals
  5 quokkas
  A ball python (D:3)
  3 frilled lizards
  13 goblins
  15 kobolds
  A leopard gecko zombie (D:8)
  A quokka skeleton (D:5)
  5 rats
405 creatures vanquished.

Vanquished Creatures (others)
  An orc (Orc:2)
  11 fungi (Orc:2)
  5 plants (D:3)
  2 starspawn tentacles (Abyss:2)
19 creatures vanquished.

Grand Total: 424 creatures vanquished

Notes
Turn   | Place    | Note
-------+----------+-------------------------------------------
     0 | D:1      | mhtbhm the Gargoyle Fighter began the quest for the Orb.
     0 | D:1      | Reached XP level 1. HP: 14/14 MP: 1/1
   184 | D:1      | Reached XP level 2. HP: 18/19 MP: 2/2
   208 | D:1      | Found an iron altar of Okawaru.
   222 | D:1      | Became a worshipper of Warmaster Okawaru
   750 | D:2      | Found a burning altar of Makhleb.
   757 | D:2      | Reached XP level 3. HP: 24/24 MP: 3/3
  1444 | D:3      | Found a snail-covered altar of Cheibriados.
  1505 | D:3      | Reached skill level 4 in Shields
  1505 | D:3      | Reached XP level 4. HP: 29/29 MP: 4/4
  1524 | D:3      | Reached skill level 1 in Axes
  1713 | D:3      | Found an opulent altar of Gozag.
  1713 | D:3      | Found an ornate altar of the Wu Jian Council.
  1754 | D:3      | Reached skill level 1 in Dodging
  1897 | D:3      | Noticed Natasha
  1909 | D:3      | Killed Natasha
  1910 | D:3      | Reached XP level 5. HP: 13/33 MP: 5/5
  2501 | D:3      | Noticed Grinder
  2510 | D:3      | Paralysed by Grinder for 3 turns
  2513 | D:3      | Noticed Natasha
  2514 | D:3      | Killed Grinder
  2514 | D:3      | Reached * piety under Okawaru
  2515 | D:3      | Reached skill level 5 in Shields
  2515 | D:3      | Reached XP level 6. HP: 35/38 MP: 6/6
  2518 | D:3      | Killed Natasha
  2548 | D:3      | Noticed Ijyb
  2549 | D:3      | Noticed Natasha
  2570 | D:3      | Killed Ijyb
  2572 | D:3      | Killed Natasha
  2814 | D:4      | Reached ** piety under Okawaru
  2820 | D:4      | Found a white marble altar of Elyvilon.
  2820 | D:4      | Found a stormy altar of Qazlal.
  2825 | D:4      | Found a sparkling altar of Nemelex Xobeh.
  2835 | D:4      | Reached XP level 7. HP: 38/43 MP: 7/7
  2866 | D:4      | Found a shimmering blue altar of Sif Muna.
  2869 | D:4      | Found a basalt altar of Yredelemnul.
  2885 | D:4      | Found a hazy altar of Hepliaklqana.
  2943 | D:4      | Reached skill level 6 in Shields
  3288 | D:4      | Noticed Sigmund
  3311 | D:4      | Killed Sigmund
  3312 | D:4      | Reached skill level 5 in Armour
  3427 | D:4      | Reached XP level 8. HP: 44/48 MP: 8/8
  3594 | D:4      | Reached *** piety under Okawaru
  3900 | D:5      | Entered Level 5 of the Dungeon
  3952 | D:5      | Found a staircase to the Ecumenical Temple.
  3967 | D:5      | Noticed a +0 hand axe
  3967 | D:5      | Noticed a +0 dagger
  4148 | D:5      | Found a large runed translucent door.
  4149 | D:5      | Found a large runed translucent door.
  4157 | D:5      | Noticed DocClef's ghost (weakling GnDe)
  4192 | D:5      | Found a hide-covered altar of Uskayaw.
  4438 | D:5      | Reached skill level 7 in Shields
  4505 | D:5      | Killed DocClef's ghost
  4665 | D:6      | Reached skill level 5 in Axes
  4731 | D:6      | Got a clouded glass ring
  4736 | D:6      | Identified the ring "Neatrumiv" {*Slow rElec rPois Int-3
                  | Stlth+} (You found it on level 6 of the Dungeon)
  4776 | D:6      | Reached skill level 5 in Fighting
  5171 | D:7      | Found a shadowy altar of Dithmenos.
  5186 | D:7      | Reached XP level 9. HP: 20/54 MP: 9/9
  5690 | D:7      | Reached **** piety under Okawaru
  5691 | D:7      | Reached skill level 8 in Shields
  5963 | D:7      | Reached skill level 1 in Stealth
  6932 | D:8      | Reached skill level 9 in Shields
  7325 | D:8      | Found a bloodstained altar of Trog.
  7422 | D:8      | Noticed a two-headed ogre
  7436 | D:8      | Killed a two-headed ogre
  7436 | D:8      | Reached ***** piety under Okawaru
  7437 | D:8      | Reached skill level 10 in Shields
  7437 | D:8      | Reached XP level 10. HP: 31/60 MP: 10/10
  8307 | D:9      | Noticed a two-headed ogre
  8319 | D:9      | Killed a two-headed ogre
  8319 | D:9      | Received a gift from Okawaru
  8328 | D:9      | Got a pair of fine boots {god gift}
  8334 | D:9      | Identified the +0 pair of boots of a Labyrinth {rElec
                  | Dex+3} (Okawaru gifted it to you on level 9 of the Dungeon)
  8927 | D:10     | Entered Level 10 of the Dungeon
  9578 | D:10     | Noticed Nergalle
  9600 | D:10     | Killed Nergalle
  9601 | D:10     | Reached skill level 11 in Shields
 10227 | D:11     | Noticed a death yak
 10227 | D:11     | Noticed a death yak
 10228 | D:11     | Noticed a death yak
 10228 | D:11     | Noticed a death yak
 10229 | D:11     | Noticed a death yak
 10257 | D:11     | Noticed a death yak
 10271 | D:11     | Killed a death yak
 10272 | D:11     | Reached XP level 11. HP: 59/67 MP: 11/11
 10290 | D:11     | Killed a death yak
 10300 | D:11     | Killed a death yak
 10305 | D:11     | Killed a death yak
 10309 | D:11     | Killed a death yak
 10309 | D:11     | Received a gift from Okawaru
 10313 | D:11     | Killed a death yak
 10314 | D:11     | Reached skill level 1 in Evocations
 10640 | D:11     | Found a staircase to the Lair.
 10702 | D:11     | Noticed Grum
 10717 | D:11     | Killed Grum
 10794 | D:11     | Noticed Psyche
 10804 | D:11     | Killed Psyche
 10805 | D:11     | Reached skill level 12 in Shields
 10880 | D:11     | Found a staircase to the Orcish Mines.
 11014 | D:11     | Noticed Fannar
 11170 | D:11     | Killed Fannar
 11296 | D:11     | Noticed a cyclops
 11316 | D:11     | Killed a cyclops
 11721 | D:11     | Reached XP level 12. HP: 68/73 MP: 12/12
 11851 | Orc:1    | Entered Level 1 of the Orcish Mines
 11858 | Orc:1    | Reached skill level 10 in Axes
 11901 | Orc:1    | Found a roughly hewn altar of Beogh.
 12120 | Orc:1    | Reached ****** piety under Okawaru
 12131 | Orc:1    | Received a gift from Okawaru
 12162 | Orc:1    | Identified a +2 pair of boots of running (Okawaru gifted it
                  | to you on level 1 of the Orcish Mines)
 12635 | Orc:2    | Entered Level 2 of the Orcish Mines
 13007 | Orc:2    | Noticed Azrael
 13427 | Orc:2    | Noticed an orc warlord
 13438 | Orc:1    | Reached skill level 13 in Shields
 13442 | Orc:1    | Killed an orc warlord
 14011 | Orc:2    | Found a roughly hewn altar of Beogh.
 14027 | Orc:2    | Noticed an orc high priest
 14053 | Orc:2    | Killed an orc high priest
 14223 | Orc:2    | Found Pioze's Antique Armour Shoppe.
 14246 | Orc:2    | Found a staircase to the Elven Halls.
 14264 | Orc:2    | Noticed an orc high priest
 14277 | Orc:2    | Noticed an orc high priest
 14281 | Orc:2    | Noticed a soul eater
 14282 | Orc:2    | Found Gaptof's Antique Weapon Shop.
 14290 | Orc:2    | Killed an orc high priest
 14294 | Orc:2    | Killed an orc high priest
 14536 | Orc:2    | Bought a twisted hand axe for 304 gold pieces
 14536 | Orc:2    | Identified the +3 hand axe of Change {freeze, *Rage Int+5}
                  | (You bought it in a shop on level 2 of the Orcish Mines)
 14540 | Orc:2    | Bought a glimmering war axe for 323 gold pieces
 14540 | Orc:2    | Identified the +0 war axe of Sudden Death {venom, *Drain
                  | +Fly MP-9 Str+9} (You bought it in a shop on level 2 of the
                  | Orcish Mines)
 14679 | Orc:2    | Reached XP level 13. HP: 64/80 MP: 4/13
 14794 | Orc:2    | Found Wafiekay's General Store.
 14821 | Orc:2    | Killed Azrael
 15211 | Orc:2    | Bought a potion of haste for 110 gold pieces
 15688 | Orc:2    | Received a gift from Okawaru
 15894 | Orc:2    | Found Moatubb's Jewellery Emporium.
 17655 | D:13     | Found a gate leading to a gauntlet.
 17698 | D:13     | Reached skill level 14 in Shields
 17714 | Gauntlet | Entered a Gauntlet
 17714 | Gauntlet | Found a transporter.
 17714 | Gauntlet | Found a runed translucent door.
 17714 | Gauntlet | Found a transporter.
 17715 | Gauntlet | Found a runed translucent door.
 17910 | Gauntlet | Found a transporter.
 17914 | Gauntlet | Found a transporter.
 17914 | Gauntlet | Found a transporter.
 17914 | Gauntlet | Found a transporter.
 17941 | Gauntlet | Found a runed translucent door.
 17971 | Gauntlet | Gained mutation: You are occasionally teleported next to
                  | monsters. [a neqoxec]
 18008 | Gauntlet | Got a pair of polished gloves
 18014 | Gauntlet | Identified the +2 pair of gloves of Charity {+Blink rF+
                  | Dex+5} (You found it in a Gauntlet)
 18066 | Gauntlet | Found a transporter.
 18067 | Gauntlet | Found a transporter.
 18070 | Gauntlet | Found a transporter.
 18070 | Gauntlet | Found a transporter.
 18073 | Gauntlet | Identified the ring "Usifunull" {+Inv rF++ rN+}
 18241 | Gauntlet | Identified a +0 pair of boots of running (You found it in a
                  | Gauntlet)
 18271 | Gauntlet | Found a transporter.
 18274 | Gauntlet | Found a transporter.
 18289 | Gauntlet | Cast into level 2 of the Abyss (a wizard)
 18444 | Abyss:2  | Noticed a tentacled starspawn
 18451 | Abyss:2  | Mangled by a harpy simulacrum

Illustrated notes

Levels and vault maps discovered:
D:1:      dpeg_arrival_radiant, layout_basic, serial_aquarium,
          aquarium_bridge_straight [aquarium_subvault_bridge,
          aquarium_subvault_balcony, aquarium_subvault_bridge,
          aquarium_subvault_wall], aquarium_window_2, aquarium_window_2,
          aquarium_window_1, aquarium_window_1, aquarium_view_2b,
          aquarium_balcony_3b, aquarium_pool_2, okawaru_ov_weapons_minmay
D:2:      layout_loops_ring, lemuel_coloured_pillars_altar
D:3:      kennysheep_the_goblin_king, layout_loops_cross,
          nicolae_overflow_crystal_walls, grunt_temple_overflow_open,
          serial_bayou, serial_bayou_pond_a, serial_bayou_crossing,
          serial_bayou_pond_d, serial_bayou_pond_a, uniq_grinder, uniq_natasha
D:4:      minmay_angry_zag, layout_loops_ring, lemuel_crystal_altar,
          chequers_temple_overflow_minitemple,
          hangedman_abyss_or_decor_lesser_grid, supply_closet_lemuel,
          uniq_sigmund
D:5:      layout_basic, dancing_weapons_uskayaw, minmay_temple_entry_grid,
          ebering_ghost_disaster_area
D:6:      layout_basic, nrook_pool_corridor
D:7:      layout_gridville, nicolae_dithmenos_shadow_blocks
D:8:      layout_basic, kennysheep_little_box, serial_curves, eino_curves_02,
          eino_curves_04, eino_curves_02
D:9:      layout_irregular_city
D:10:     kennysheep_ambush_hall, layout_gridville, grunt_decor_mini_mirrors,
          uniq_nergalle
D:11:     layout_cave_pods, dpeg_lair_monsters, lemuel_statue_altar,
          uniq_fannar, uniq_psyche, uniq_grum
D:12:     layout_loops_ring
D:13:     layout_irregular_city, david_vaults_4, gammafunk_ghost_cemetery,
          gauntlet_entry_generic
Orc:1:    cheibrodos_orc_guarddog, layout_diamond_mine, basic_altar
Orc:2:    grunt_orc_gardens, layout_caves, grunt_orc_garden, grunt_orc_garden,
          grunt_orc_garden, grunt_orc_garden, basic_altar, mines5_lemuel,
          uniq_azrael
Abyss:2:  base:
D:15
Gauntlet: minmay_gauntlet_77_indecision [minmay_gauntlet_arena_77_path,
          minmay_gauntlet_arena_77_cramped,
          minmay_gauntlet_arena_77_broken_ladder,
          minmay_gauntlet_arena_77_tiled_triplets,
          minmay_gauntlet_arena_77_chump_sandwich,
          minmay_gauntlet_arena_77_terracotta_army, gauntlet_exit_hidden_loot]

Skill      XL: |  1  2  3  4  5  6  7  8  9 10 11 12 13 |
---------------+----------------------------------------+-----
Shields        | 4 5 6 7 10 11 12 13 14 | 14.2
Axes           | 1 2 4 5 6 8 9 11 12 | 12.0
Dodging        | 1 2 3 4 |  4.8
Armour         | 4 5 6 7 8 9 |  9.4
Fighting       | 4 5 6 7 8 9 |  9.5
Stealth        | 1 2 |  2.6
Evocations     | 1 |  1.4
Maces & Flails | |  2.1
Invocations    | |  0.2

Action                   |  1- 3 |  4- 6 |  7- 9 | 10-12 | 13-15 || total
-------------------------+-------+-------+-------+-------+-------++-------
Melee: Flail             |    37 |       |       |       |       ||    37
       Hand axe          |    89 |   115 |   457 |   608 |   283 ||  1552
       War axe           |       |       |       |    47 |    35 ||    82
Invok: Heroism           |       |       |       |     1 |       ||     1
 Abil: Evoke Blink       |       |       |       |       |     1 ||     1
Evoke: Wand              |       |       |     2 |    15 |     5 ||    22
  Use: Scroll            |     4 |     1 |     3 |     5 |     1 ||    14
       Potion            |       |     1 |     4 |     3 |     1 ||     9
 Stab: Invisible         |       |       |       |       |     3 ||     3
Armor: Scale mail        |    57 |    36 |   141 |    29 |       ||   263
       Chain mail        |       |       |       |    23 |       ||    23
       Pearl dragon scal |       |       |       |   138 |   104 ||   242
Dodge: Dodged            |    30 |    18 |   118 |   158 |    88 ||   412
Block: Kite shield       |    68 |   109 |   373 |   544 |   281 ||  1375
       Reflection        |       |     2 |    11 |    23 |     5 ||    41

Table legend: (Time is in decaauts)
 A = Elapsed time spent in this place.
 B = Non-inter-level travel time spent in this place.
 C = Inter-level travel time spent in this place.
 D = Time resting spent in this place.
 E = Time spent auto-exploring this place.
 F = Levels seen in this place.
 G = Mean time per level.
                   A        B        C        D        E       F      G
               +--------+--------+--------+--------+--------+-----+--------+
         Total |  18288 |  18069 |    219 |   4183 |   9896 |  17 | 1075.8 |
       Dungeon |  13324 |  13107 |    217 |   1749 |   8614 |  13 | 1024.9 |
  Orcish Mines |   4241 |   4240 |      1 |   2062 |   1281 |   2 | 2120.5 |
         Abyss |    141 |    141 |      0 |      0 |      0 |   1 |  141.0 |
      Gauntlet |    582 |    582 |      0 |    371 |      0 |   1 |  582.0 |
               +--------+--------+--------+--------+--------+-----+--------+

Top non-repeatable levels by time:
   Orc:1: 2166 daAuts
   Orc:2: 2074 daAuts
    D:11: 1649 daAuts
     D:7: 1510 daAuts
     D:3: 1465 daAuts
    D:12: 1311 daAuts
    D:10: 1269 daAuts
     D:8: 1235 daAuts
     D:4: 1158 daAuts
     D:9: 1034 daAuts
     D:5: 716 daAuts
     D:1: 713 daAuts
     D:2: 661 daAuts
Gauntlet: 582 daAuts
     D:6: 546 daAuts
